Unix NetHack Version 5.0.0-0 post-release - last build Jun 10 2026 00:39:30 (3ee93aec679c4c4259841fe613dc97188e26a321,branch:main).

Game began 2026-06-18 10:06:05, ended 2026-06-18 10:27:34.

FutureTim, lawful female human Valkyrie

    -------------
    |..........<|
    |............#                                    ------------
    |...........|#                                    |..........|
    ------.---.--#                                    |.{.........#
          #   #  #                       ---------    |..........|##
          #####  #                       |.......| ###...........| #
        ####    ##                       |........##  ---.-.------ #
        ###     #                        |.......|       #####     ##
        ##      #               ----- ###-..):...|          ##      ##
       ##       #               |.[.|##  ---------          ######## #
       )#       #--------      #....-#                       _a    #####
   ----|----    #|..[...|    ###|...|                         @f#    # ###0
   |...[...|    #|......|    #  |...|                     ------|---- ###-----
   |.......|    #-......-#####  -----                     |.........|   #|...|
   |.......|     --------           ######################|...>.....|   #-...|
   |.......|                  ######0                    #|.........|####|<..|
   ||......-###################                          #|..........#   -----
   ---------                                             #-----------

FutureTim the Fighter       St:18/04 Dx:14 Co:16 In:7 Wi:11 Ch:10  Lawful
Dlvl:7  $:180 HP:0(45) Pw:18(18) AC:0  Xp:6 T:3766  Burdened

Latest messages:
 You miss the iguana.
 You kill the iguana!
 You kill the gas spore!
 Boom!
 You are caught in the gas spore's explosion!
 You have trouble lifting a banded mail.  Continue? [ynq] (q) y
 You have trouble lifting O - a banded mail.
 You rebalance your load.  Movement is difficult.
 What do you want to wear? [*] O
 You are already wearing some armor.
 What do you want to drop? [$b-djl-osu-xzBDFHIKO or ?*] O
 You drop a banded mail.
 Your movements are only slowed slightly by your load.
 You are beginning to feel hungry.
 You see here a mummy wrapping.
 What do you want to eat? [dv or ?*] d
 This food really hits the spot!
 You finish eating the food ration.
 The giant ant bites!
 The giant ant bites!
 You miss the giant ant.
 The giant ant bites!
 The giant ant misses!
 The giant ant bites!
 The giant ant bites!
 The giant ant misses!
 The giant ant bites!
 The giant ant bites!
 You miss the giant ant.
 The giant ant bites!
 The giant ant bites!
 The giant ant bites!
 You kill the giant ant!
 The giant ant misses!
 The giant ant bites!
 You bash the giant ant!
 The giant ant bites!
 The kitten bites!
 The giant ant bites!
 The kitten just misses!
 The giant ant bites!
 You miss the giant ant.
 The giant ant misses!
 The kitten bites!
 The giant ant bites!
 You miss the giant ant.
 The giant ant bites!
 The kitten bites!
 You die...
 Do you want your possessions identified? [ynq] (y) q

Inventory:
 Coins    ('$')
  $ - 180 gold pieces
 Weapons  (')')
  l - a +0 dagger (alternate weapon; not wielded)
  w - a +1 spear
 Armor    ('[')
  D - an uncursed +0 orcish helm (being worn)
  c - an uncursed +3 small shield (being worn)
  B - a blessed +1 scale mail (being worn)
 Comestibles  ('%')
  d - 3 uncursed food rations
  v - 2 uncursed tripe rations
 Scrolls  ('?')
  K - a cursed scroll of blank paper
 Potions  ('!')
  I - a potion of unholy water
 Rings    ('=')
  z - an uncursed ring of free action
 Wands    ('/')
  o - a wand of cold (0:4)
  n - a wand of digging (0:7)
  j - a wand of slow monster (0:8)
 Tools    ('(')
  b - an empty uncursed bag of holding
  H - an expensive camera (0:60)
  s - an uncursed oil lamp
  F - an uncursed oil lamp
  m - a cursed oil lamp
  x - an uncursed tin whistle
 Iron balls  ('0')
  u - an uncursed heavy iron ball (chained to you) (wielded)

FutureTim the Valkyrie's attributes:

Background:
 You were a Fighter, a level 6 human Valkyrie.
 You were lawful, on a mission for Tyr
 who was opposed by Odin (neutral) and Loki (chaotic).
 You were right-handed.
 You were in the Dungeons of Doom, on level 7.
 You entered the dungeon 3766 turns ago.
 You had 359 experience points, 281 more were needed to attain level 7.

Basics:
 You had 0 out of 45 hit points.
 You had all 18 energy points (spell power).
 Your armor class was 0.
 Your wallet contained 180 zorkmids.
 Autopickup was off.

Final Characteristics:
 Your strength was 18/04 (peak:18/08, limit:18/100).
 Your dexterity was 14 (limit:18).
 Your constitution was 16 (limit:18).
 Your intelligence was 7 (limit:18).
 Your wisdom was 11 (limit:18).
 Your charisma was 10 (limit:18).

Final Status:
 You were chained to a heavy iron ball.
 You weren't hungry.
 You were burdened; movement was slightly slowed.
 You were wielding an iron ball.

Final Attributes:
 You were piously aligned.
 You were cold resistant.
 You were stealthy.
 You were warded.
 Your spell casting was impaired by metallic armor.
 You are dead.

Miscellaneous:
 You didn't encounter any bones levels.
 Total elapsed playing time was 21 minutes and 29 seconds.

Major events:
 Turn
    1: FutureTim the lawful human Valkyrie entered the dungeon
 1487: attained the rank of Skirmisher (level 3)
 3386: attained the rank of Fighter (level 6)
 3766: killed by a kitten

Spells:
 Name                 Level Category     Fail Retention
 healing                1   healing      100%  76%-100%

Skills:
 Fighting Skills
   bare handed combat [Unskilled]
   two weapon combat  [Unskilled]
   riding             [Unskilled]
 Weapon Skills
   dagger             [Basic]
   axe                [Unskilled]
   pick-axe           [Unskilled]
   short sword        [Unskilled]
   broadsword         [Unskilled]
   long sword         [Unskilled]
   two-handed sword   [Unskilled]
   saber              [Unskilled]
   hammer             [Unskilled]
   quarterstaff       [Unskilled]
   polearms           [Unskilled]
   spear              [Basic]
   trident            [Unskilled]
   lance              [Unskilled]
   sling              [Unskilled]
 Spellcasting Skills
   attack spells      [Unskilled]
   escape spells      [Unskilled]

Voluntary challenges:
 Character rerolling was not enabled.
 You never genocided any monsters.
 You never polymorphed an object.
 You never changed form.
 You used no wishes.
Achievements:
 You entered a shop.
 You attained the rank of Skirmisher.
 You attained the rank of Fighter.

 The Dungeons of Doom: levels 1 to 7
    Level 1:
    Level 2:
       A tool shop.
    Level 3:
       A general store, some fountains.
    Level 4:
    Level 5:
    Level 6:
       Many fountains.
       Oracle of Delphi.
    Level 7: <- You were here.
       A sink, a grave.
       Final resting place for
          you, killed by a kitten.


Vanquished creatures:
  a quivering blob
  a leprechaun
  a Woodland-elf
 an imp
  a gnomish wizard
  a kobold mummy
  a guardian naga hatchling
  3 elf zombies
  a giant ant
  a floating eye
  a homunculus
  2 kobold leaders
  a kobold shaman
  2 giant bats
  2 dwarf zombies
  a wererat
  6 iguanas
  2 killer bees
 an acid blob
  2 gas spores
  a hobbit
  2 manes
  3 cave spiders
  a yellow mold
  2 gnomes
  4 jackals
  2 foxes
  a kobold
  2 goblins
  3 grid bugs
  4 lichens
  5 newts
62 creatures vanquished.

No species were genocided or became extinct.

Game over:
                       ----------
                      /          \
                     /    REST    \
                    /      IN      \
                   /     PEACE      \
                  /                  \
                  |    FutureTim     |
                  |      180 Au      |
                  |   killed by a    |
                  |      kitten      |
                  |                  |
                  |                  |
                  |       2026       |
                 *|     *  *  *      | *
        _________)/\\_//(\/(/\)/\//\/|_)_______

Farvel FutureTim the Valkyrie...

You died in The Dungeons of Doom on dungeon level 7 with 1998 points,
and 180 pieces of gold, after 3766 moves.
You were level 6 with a maximum of 45 hit points when you died.

